 Dungeon Crawl Stone Soup version 0.31-a0-806-g0bc164a743 (webtiles) character file.

Game seed: 3282713840997952184

1040 Shayle the Trooper (level 8, 0/66 (81) HPs)
             Began as an Ogre Hexslinger on Sept 20, 2023.
             Was an Initiate of Kikubaaqudgha.
             Slain by a wight
             ... wielding a +1 morningstar of protection
              (4 damage)
             ... on level 6 of the Dungeon.
             The game lasted 00:20:35 (6289 turns).

Shayle the Trooper (Ogre Hexslinger)                Turns: 6289, Time: 00:20:38

HP:   0/66 (81)     AC:  3    Str: 13    XL:     8   Next: 24%
MP:   15/15         EV:  8    Int: 16    God:    Kikubaaqudgha [......]
Gold: 1370          SH:  9    Dex: 11    Spells: 16/16 levels left

rFire   . . .        a - +1 sling (drain)
rCold   . . .        i - +1 kite shield
rNeg    . . .        c - +0 robe
rPois   .            (helmet restricted)
rElec   .            (no cloak)
rCorr   .            (gloves unavailable)
SInv    .            (boots unavailable)
Will    .....        (no amulet)
Stlth   +            (no ring)
HPRegen 0.31/turn    (no ring)
MPRegen 0.14/turn

%: no passive effects
@: heavily drained
A: large, unfitting armour, tough skin 1
a: Renounce Religion


You were on level 6 of the Dungeon.
You worshipped Kikubaaqudgha.
Kikubaaqudgha was noncommittal.
You visited 1 branch of the dungeon, and saw 6 of its levels.

You collected 1370 gold pieces.

Inventory:

Hand Weapons
 a - a +1 sling of draining (weapon)
Armour
 c - a +0 robe (worn)
 i - a +1 kite shield (worn)
Scrolls
 d - a scroll of identify
 o - 2 scrolls of immolation
Potions
 b - a potion of curing {unknown}
 e - a potion of degeneration {unknown}
 h - a potion of berserk rage
 p - a potion of heal wounds


   Skills:
 + Level 5.6 Fighting
 - Level 1.3 Ranged Weapons
 + Level 3.3 Armour
 - Level 1.7 Dodging
 + Level 3.2 Shields
 + Level 4.7 Spellcasting
 - Level 2.6 Hexes
 + Level 3.9 Fire Magic


You had 16 spell levels left.
You didn't know any spells.
Your spell library contained the following spells:

 Spells                   Type           Power      Damage    Failure   Level
 Jinxbite                 Hex            24%        N/A       28%         2
 Inner Flame              Hex/Fire       14%        N/A       41%         3
 Magic Dart               Conj           12%        1d3       50%         1
 Sigil of Binding         Hex            12%        N/A       50%         3
 Searing Ray              Conj           6%         2d4       63%         2
 Static Discharge         Conj/Air       6%         2-3/arc   63%         2
 Wereblood                Tmut           3%         N/A       63%         2
 Cause Fear               Hex            6%         N/A       88%         4
 Dimensional Bullseye     Hex/Tloc       4%         N/A       97%         4
 Fulminant Prism          Conj/Hex       4%         3d5       97%         4
 Airstrike                Air            1%         2d(1-17)  99%         4
 Summon Lightning Spire   Summ/Air       3%         N/A       99%         4
 Irradiate                Conj/Tmut      1%         3d12      100%        5
 Yara's Violent Unravell  Hex/Tmut       4%         3d4       100%        5
 Enfeeble                 Hex            6%         N/A       100%        7


Dungeon Overview and Level Annotations

Branches:
Dungeon (6/15)
 Temple: D:4-7

Altars:
Elyvilon
Fedhas
Kikubaaqudgha
Makhleb
Vehumet

Annotations:
D:4 Pikel


Innate Abilities, Weirdness & Mutations

You are too large for most types of armour.
You have tough skin. (AC +1)


Message History

You shoot a sling bullet.
The sling bullet barely misses the wight.
You block the wight's attack. The wight closely misses you.
You shoot a sling bullet.
The sling bullet closely misses the wight.
You block the wight's attack.
You shoot a sling bullet. The sling bullet hits the wight.
The wight is moderately damaged.
You block the wight's attack. x2
You shoot a sling bullet. The sling bullet hits the wight.
The wight is heavily damaged.
The wight hits you with a +1 morningstar of protection!
* * * LOW HITPOINT WARNING * * *
You feel drained.
* * * LOW HITPOINT WARNING * * *
You block the wight's attack.
It was a potion of heal wounds.
You feel much better. The wight barely misses you.
You shoot a sling bullet.
The sling bullet barely misses the wight.
You block the wight's attack.
You shoot a sling bullet.
The sling bullet barely misses the wight.
The wight hits you with a +1 morningstar of protection.
You feel drained.
The wight hits you with a +1 morningstar of protection!
You feel drained.
You shoot a sling bullet.
The sling bullet hits the wight but does no damage.
The wight is heavily damaged.
The wight hits you with a +1 morningstar of protection!
* * * LOW HITPOINT WARNING * * *
You shoot a sling bullet.
The sling bullet hits the wight but does no damage.
The wight is heavily damaged.
The wight hits you with a +1 morningstar of protection!
* * * LOW HITPOINT WARNING * * *
You feel drained.
You die...
Kikubaaqudgha rasps: "You have failed me!
Welcome... death!"

..).....#.##......#.###
........#...?.).......
........# #..........#
..l.....# #.........#
........# #.........#
........# #........#
........# #...z....#
...<....# #...@....#
........# ##.#####....
.......## # . #.....##
#######


You could see a wight.

Vanquished Creatures
  Eustachio (D:4)
  2 ogres (D:5)
  A centaur (D:5)
  A scorpion (D:4)
  A gnoll sergeant (D:5)
  2 vampire bats (D:5)
  A hound (D:4)
  5 iguanas
  2 orc wizards
  7 gnolls
  6 adders
  An ufetubus (D:5)
  3 worms
  2 dart slugs
  10 orcs
  3 bat skeletons (D:5)
  3 bat zombies (D:5)
  7 endoplasms
  5 giant cockroaches
  7 hobgoblins
  2 quokkas
  7 ball pythons
  8 bats
  7 frilled lizards
  9 goblins
  8 kobolds
  8 rats
119 creatures vanquished.

Notes
Turn   | Place    | Note
-------+----------+-------------------------------------------
     0 | D:1      | Shayle the Ogre Hexslinger began the quest for the Orb.
     0 | D:1      | Reached XP level 1. HP: 19/19 MP: 2/2
   100 | D:1      | Reached skill level 1 in Fire Magic
   130 | D:1      | Reached XP level 2. HP: 23/28 MP: 2/4
   235 | D:1      | Reached skill level 2 in Fighting
   523 | D:1      | Reached XP level 3. HP: 30/35 MP: 5/5
   861 | D:1      | Reached skill level 1 in Armour
  1470 | D:2      | Reached XP level 4. HP: 14/44 MP: 7/7
  1782 | D:2      | Found a faded altar of an unknown god.
  2065 | D:2      | Reached skill level 3 in Fighting
  2439 | D:3      | Found a burning altar of Makhleb.
  2548 | D:3      | Reached XP level 5. HP: 53/53 MP: 8/8
  3579 | D:4      | Found a blossoming altar of Fedhas.
  3628 | D:4      | Noticed Pikel
  3628 | D:4      | Noticed a lemure
  3628 | D:4      | Noticed a lemure
  3628 | D:4      | Noticed a lemure
  3628 | D:4      | Noticed a lemure
  3659 | D:4      | Noticed Eustachio
  3720 | D:4      | Identified a scroll of acquirement
  3720 | D:4      | Acquired 1111 gold pieces
  3731 | D:4      | Killed Eustachio
  3732 | D:4      | Reached skill level 4 in Fighting
  3732 | D:4      | Reached skill level 1 in Shields
  3732 | D:4      | Reached XP level 6. HP: 53/62 MP: 10/10
  4578 | D:2      | Upgraded the game from 0.31-a0-803-g95b03c3367 to
                  | 0.31-a0-806-g0bc164a743
  4652 | D:4      | Reached XP level 7. HP: 71/71 MP: 12/12
  5172 | D:5      | Entered Level 5 of the Dungeon
  5281 | D:5      | Found a radiant altar of Vehumet.
  5621 | D:5      | Found a white marble altar of Elyvilon.
  5714 | D:5      | Reached skill level 5 in Fighting
  5832 | D:5      | Reached XP level 8. HP: 80/80 MP: 14/14
  5973 | D:5      | Found an ancient bone altar of Kikubaaqudgha.
  6017 | D:5      | Became a worshipper of Kikubaaqudgha
  6080 | D:6      | Noticed a manticore
  6289 | D:6      | Slain by a wight

Illustrated notes

Levels and vault maps discovered:
D:1:      dpeg_arrival_brainrot, layout_loops_corners, minmay_cut_off
D:2:      layout_basic, hellmonk_ecumenical_altar_defaced_shrine,
          minmay_tetromino_o4
D:3:      layout_basic, mainiacjoe_overflow_alcove_1
D:4:      layout_basic, fedhas_altar_decomposition, serial_glass,
          glass_columns_a, glass_columns_c, glass_columns_b, glass_columns_a,
          uniq_eustachio, uniq_pikel
D:5:      layout_basic, elyvilon_altar_1, mainiacjoe_overflow_catwalk,
          kennysheep_vampire_church
D:6:      old_forge, layout_rooms, serial_shops, nicolae_shop_tiny_glass,
          nicolae_shop_industrial_runoff, shop, nicolae_diamond_shop,
          uniq_duvessa

Skill      XL: |  1  2  3  4  5  6  7  8 |
---------------+-------------------------+-----
Fire Magic     | 1 2 3 |  3.9
Fighting       | 2 3 4 5 |  5.6
Spellcasting   | 2 3 4 |  4.7
Armour         | 1 2 3 |  3.3
Shields        | 1 2 3 |  3.2
Ranged Weapons | |  1.3
Dodging        | |  1.7
Hexes          | |  2.6

Action                     |  1- 3 |  4- 6 |  7- 9 || total
---------------------------+-------+-------+-------++-------
   Fire: Sling             |   135 |   191 |   200 ||   526
    Use: Scroll            |     2 |    15 |       ||    17
         Potion            |       |     3 |     1 ||     4
 Armour: Robe              |    43 |   130 |   129 ||   302
         Skin              |       |    41 |       ||    41
  Dodge: Dodged            |    56 |    48 |    71 ||   175
  Block: Kite shield       |       |    52 |    78 ||   130

Table legend: (Time is in decaauts)
 A = Elapsed time spent in this place.
 B = Non-inter-level travel time spent in this place.
 C = Inter-level travel time spent in this place.
 D = Time resting spent in this place.
 E = Time spent auto-exploring this place.
 F = Levels seen in this place.
 G = Mean time per level.
                   A        B        C        D        E       F      G
               +--------+--------+--------+--------+--------+-----+--------+
         Total |   6539 |   6230 |    309 |    939 |   3946 |   6 | 1089.8 |
       Dungeon |   6539 |   6230 |    309 |    939 |   3946 |   6 | 1089.8 |
               +--------+--------+--------+--------+--------+-----+--------+

Top non-repeatable levels by time:
     D:2: 1456 daAuts
     D:3: 1367 daAuts
     D:4: 1302 daAuts
     D:1: 1215 daAuts
     D:5: 1156 daAuts
     D:6: 40 daAuts
